 Dungeon Crawl Stone Soup version 0.28-a0-919-g0b5b508569 (webtiles) character file.

Game seed: 13324649625227727744

309 siradein the Charlatan (level 6, -2/47 HPs)
             Began as a Demonspawn Artificer on Nov 25, 2021.
             Slain by an orc warrior (14 damage)
             ... on level 3 of the Dungeon.
             The game lasted 00:08:30 (5371 turns).

siradein the Charlatan (Demonspawn Artificer)       Turns: 5371, Time: 00:08:31

Health: -2/47      AC:  9    Str: 20    XL:     6   Next: 17%
Magic:  6/6        EV: 11    Int: 12    God:
Gold:   134        SH:  0    Dex: 14    Spells: 5/5 levels left

rFire   . . .      SeeInvis .   t - +0 halberd
rCold   . . .      Faith    .   (shield currently unavailable)
rNeg    . . .      Spirit   .   p - +0 ring mail
rPois   .          Reflect  .   (no helmet)
rElec   .          Harm     .   (no cloak)
rCorr   .          Rampage  .   (no gloves)
Will    .....                   s - +0 pair of boots
Stlth   +.........              (no amulet)
HPRegen 0.15/turn               u - +6 ring of strength
MPRegen 0.10/turn               (no ring)

@: no status effects
A: yellow scales 2, demonic touch 1
a: no special abilities


You were on level 3 of the Dungeon.
You visited 1 branch of the dungeon, and saw 4 of its levels.

You collected 134 gold pieces.

Inventory:

Hand Weapons
 t - a +0 halberd (weapon)
Missiles
 n - 5 poisoned darts (quivered)
 r - a throwing net
Armour
 p - a +0 ring mail (worn)
 s - a +0 pair of boots (worn)
Jewellery
 u - a +6 ring of strength (left hand)
Wands
 c - a wand of flame (28)
 d - a wand of charming (15)
Scrolls
 b - a scroll of blinking {unknown}
 f - a scroll of immolation {unknown}
 h - 2 scrolls of brand weapon {unknown}
 m - a scroll of enchant weapon {unknown}
 o - 2 scrolls of amnesia {unknown}
Potions
 a - a potion of flight {unknown}
 g - 2 potions of curing
 i - a potion of ambrosia {unknown}
 j - a potion of might {unknown}
 k - a potion of berserk rage {unknown}
 l - a potion of lignification {unknown}
 q - a potion of haste {unknown}
Miscellaneous
 e - a piece from Xom's chessboard (14/15)


   Skills:
 + Level 3.2 Fighting
 + Level 3.2 Armour
 + Level 2.8 Dodging
 - Level 0.8 Stealth
 + Level 4.3 Evocations


You had 5 spell levels left.
You didn't know any spells.
Your spell library was empty.

Dungeon Overview and Level Annotations

Branches:
Dungeon (4/15)
 Temple: D:4-7

Altars:

Annotations:
D:3 1 runed translucent door, tvsian's ghost, weakling HOFi


Innate Abilities, Weirdness & Mutations

You are mostly covered in yellow scales. (AC +3)
Your touch may inflict minor irresistible damage on your foes.


Message History

You throw a poisoned dart.
The poisoned dart closely misses the orc warrior.
The orc warrior misses you.
The orc warrior looks more healthy.
Throw: 10 darts (poison)
Press: ? - help, Q - select action, (/) - cycle Shift-Dir - straight line, f/p - orc warrior
Aim: an orc warrior, wielding a +0 battleaxe and wearing a +0 chain mail (severely wounded, 55% to hit)
You throw a poisoned dart. The poisoned dart hits the orc warrior.
The orc warrior is severely wounded.
The orc warrior hits you with a +0 battleaxe.
Throw: 9 darts (poison)
Press: ? - help, Q - select action, (/) - cycle Shift-Dir - straight line, f/p - orc warrior
Aim: an orc warrior, wielding a +0 battleaxe and wearing a +0 chain mail (severely wounded, 55% to hit)
You throw a poisoned dart.
The poisoned dart closely misses the orc warrior.
The orc warrior hits you but does no damage.
Throw: 8 darts (poison)
Press: ? - help, Q - select action, (/) - cycle Shift-Dir - straight line, f/p - orc warrior
Aim: an orc warrior, wielding a +0 battleaxe and wearing a +0 chain mail (severely wounded, 55% to hit)
You throw a poisoned dart.
The poisoned dart barely misses the orc warrior.
The orc warrior misses you.
Throw: 7 darts (poison)
Press: ? - help, Q - select action, (/) - cycle Shift-Dir - straight line, f/p - orc warrior
Aim: an orc warrior, wielding a +0 battleaxe and wearing a +0 chain mail (heavily wounded, 55% to hit)
You throw a poisoned dart. The poisoned dart hits the orc warrior.
The orc warrior is heavily wounded.
The orc warrior hits you with a +0 battleaxe!
* * * LOW HITPOINT WARNING * * *
Things that are here:
a +0 dagger; a +0 leather armour; a +0 club Throw: 6 darts (poison)
Press: ? - help, Q - select action, (/) - cycle Shift-Dir - straight line, f/p - orc warrior
Aim: an orc warrior, wielding a +0 battleaxe and wearing a +0 chain mail (heavily wounded, 55% to hit)
You throw a poisoned dart. The poisoned dart hits the orc warrior.
The orc warrior is heavily wounded.
The orc warrior misses you.
You make a move on Xom's chessboard...
The orc warrior struggles to resist.
The orc warrior hits you with a +0 battleaxe!
You die...

#.##.......#.# #.#
#......##..#)# #.#
####.#.#...#.#####.######
#######.#.#####............#
........#.# ##...........#
..#######.######...........#
#.# #....##..............#
#.#####....##...o..##.######
#.......)^.##...@..##.#
########...##......##.#
#...##....(.##.#
#...#####......# #...#
#.##.#.# #...# #.##.#.#
#...# #.##...# #####
#.###..# #.....>#


You could see an orc warrior.

Vanquished Creatures
  3 hounds (D:3)
  Terence (D:2)
  An orc wizard (D:2)
  7 gnolls
  5 adders
  5 orcs
  5 ball pythons
  4 bats
  3 giant cockroaches
  3 goblins
  8 hobgoblins (D:1)
  6 jackals
  2 quokkas (D:3)
  2 frilled lizards
  5 kobolds
  A rat (D:1)
61 creatures vanquished.

Notes
Turn   | Place    | Note
-------+----------+-------------------------------------------
     0 | D:1      | siradein the Demonspawn Artificer began the quest for the
                  | Orb.
     0 | D:1      | Reached XP level 1. HP: 15/15 MP: 1/1
    57 | D:1      | Reached skill level 1 in Dodging
   263 | D:1      | Found a faded altar of an unknown god.
   525 | D:1      | Gained mutation: You are partially covered in yellow
                  | scales. (AC +2) [demonic ancestry]
   525 | D:1      | Reached XP level 2. HP: 13/21 MP: 2/2
  1497 | D:2      | Gained mutation: You are mostly covered in yellow scales.
                  | (AC +3) [demonic ancestry]
  1497 | D:2      | Reached XP level 3. HP: 7/27 MP: 3/3
  1917 | D:2      | HP: 1/27 [adder (2)]
  3075 | D:1      | Reached XP level 4. HP: 25/33 MP: 4/4
  3369 | D:2      | Noticed Terence
  3389 | D:2      | Killed Terence
  3960 | D:2      | Gained mutation: Your touch may inflict minor irresistible
                  | damage on your foes. [demonic ancestry]
  3960 | D:2      | Reached XP level 5. HP: 27/39 MP: 5/5
  4216 | D:3      | Reached skill level 4 in Evocations
  4468 | D:3      | Reached XP level 6. HP: 43/47 MP: 6/6
  5059 | D:3      | Found a runed translucent door.
  5059 | D:3      | Noticed tvsian's ghost (weakling HOFi)
  5267 | D:4      | Noticed an orc warrior
  5371 | D:3      | Slain by an orc warrior

Illustrated notes

Levels and vault maps discovered:
D:1:      dpeg_arrival_arbitrary_a, layout_basic,
          dreamdust_ecumenical_altar_sealed_demon, serial_glass,
          glass_columns_b, glass_columns_a, feat_on_display,
          minmay_strange_pillars, feat_on_display, due_unseen_surprise,
          minmay_statues_item
D:2:      layout_basic, uniq_terence
D:3:      layout_basic, gammafunk_ghost_grave
D:4:      layout_loops_corners, nicolae_overflow_hidden_temple

Skill      XL: |  1  2  3  4  5 |
---------------+----------------+-----
Dodging        | 1 2 |  2.8
Armour         | 2 3 |  3.2
Fighting       | 2 3 |  3.2
Evocations     | 4 |  4.3
Stealth        | |  0.8

Action                   |  1- 3 |  4- 6 || total
-------------------------+-------+-------++-------
Melee: Club              |    92 |       ||    92
       Dagger            |   105 |       ||   105
       Mace              |     1 |       ||     1
       Spear             |       |   191 ||   191
       Touch             |       |     9 ||     9
       Halberd           |       |    17 ||    17
Throw: Dart              |       |    25 ||    25
Evoke: Piece from Xom's  |     6 |     1 ||     7
       Wand              |     1 |       ||     1
  Use: Potion            |     1 |       ||     1
 Stab: Sleeping          |     1 |       ||     1
Armor: Leather armour    |    75 |    15 ||    90
       Ring mail         |       |    75 ||    75
Dodge: Dodged            |   145 |   142 ||   287

Table legend: (Time is in decaauts)
 A = Elapsed time spent in this place.
 B = Non-inter-level travel time spent in this place.
 C = Inter-level travel time spent in this place.
 D = Time resting spent in this place.
 E = Time spent auto-exploring this place.
 F = Levels seen in this place.
 G = Mean time per level.
                   A        B        C        D        E       F      G
               +--------+--------+--------+--------+--------+-----+--------+
         Total |   5432 |   5395 |     37 |    575 |   3654 |   4 | 1358.0 |
       Dungeon |   5432 |   5395 |     37 |    575 |   3654 |   4 | 1358.0 |
               +--------+--------+--------+--------+--------+-----+--------+

Top non-repeatable levels by time:
     D:1: 2279 daAuts
     D:2: 1787 daAuts
     D:3: 1321 daAuts
     D:4: 44 daAuts
